 Dungeon Crawl Stone Soup version 0.32-a0-968-g61e5eb5241 (webtiles) character file.

Game seed: 14339576526439411770

27507 Revguard the Blocker (level 13, -8/99 HPs)
             Began as a Demonspawn Fighter on Apr 18, 2024.
             Was a High Priest of Qazlal.
             Killed by divine providence
             ... invoked by a smoke demon
              (19 damage)
             ... on level 2 of the Abyss.
             The game lasted 00:27:44 (9712 turns).

Revguard the Blocker (Demonspawn Fighter)           Turns: 9712, Time: 00:27:45

Health: -8/99      AC: 15    Str: 20    XL:     13   Next: 4%
Magic:  0/20       EV: 15    Int:  9    God:    Qazlal [*****.]
Gold:   859        SH: 15    Dex: 26    Spells: 12/12 levels left

rFire   + . .        J - +2 broad axe
rCold   + . .        c - +1 buckler
rNeg    . . .        K - +0 swamp dragon scales
rPois   +            E - +0 helmet
rElec   +            B - scarf {rC+ rF+}
rCorr   .            A - +0 pair of gloves
SInv    .            f - +0 pair of boots
Will    .....        q - amulet of guardian spirit
Stlth   +            x - +6 ring of dexterity
HPRegen 2.36/turn    C - +6 ring of dexterity
MPRegen 0.17/turn

%: repel missiles, guardian spirit
@: protected from electricity, fragile (+50% incoming damage), hasted, very
quick
A: hooves 1, yellow scales 1, powered by death 2, spiny 3
a: Renounce Religion, Upheaval, Elemental Force, Disaster Area


You were on level 2 of the Abyss.
You worshipped Qazlal.
Qazlal was extremely pleased with you.
You visited 2 branches of the dungeon, and saw 14 of its levels.
You visited the Abyss 1 time.

You collected 1035 gold pieces.
You spent 176 gold pieces at shops.

Inventory:

Hand Weapons
 J - a +2 broad axe (weapon)
Missiles
 v - a throwing net (quivered)
Armour
 c - a +1 buckler (worn)
 f - a +0 pair of boots (worn)
 A - a +0 pair of gloves (worn)
 B - a scarf of resistance (worn)
 E - a +0 helmet (worn)
 H - a +0 plate armour
 K - +0 swamp dragon scales (worn)
Jewellery
 a - a ring of protection from fire
 b - a +5 ring of evasion
 d - a +6 ring of dexterity
 l - an amulet of faith
 q - an amulet of guardian spirit (around neck)
 x - a +6 ring of dexterity (left hand)
 C - a +6 ring of dexterity (right hand)
 N - a ring of protection from cold
Wands
 w - a wand of charming (9)
 y - a wand of flame (41)
 F - a wand of mindburst (11)
Scrolls
 e - a scroll of revelation
 j - 5 scrolls of fear
 k - 2 scrolls of teleportation
 m - 3 scrolls of enchant armour
 o - 2 scrolls of immolation
 r - 2 scrolls of noise
 s - a scroll of fog
 I - a scroll of vulnerability
 L - a scroll of blinking {unknown}
 M - a scroll of torment
Potions
 g - 5 potions of curing
 h - a potion of brilliance
 i - 3 potions of enlightenment
 n - 3 potions of cancellation
 p - a potion of attraction
 z - a potion of mutation
 D - 2 potions of haste
 G - a potion of magic {unknown}
 O - a potion of might
Miscellaneous
 t - a phantom mirror


   Skills:
 + Level 8.4 Fighting
 * Level 10.0 Axes
 + Level 7.4 Armour
 + Level 6.7 Dodging
 * Level 10.2 Shields
 + Level 9.7 Invocations
 + Level 7.3 Evocations


You had 12 spell levels left.
You didn't know any spells.
Your spell library contained the following spells:

 Spells                   Type           Power      Damage    Failure   Level
 Ensorcelled Hibernation  Hex/Ice        0%         N/A       75%         2
 Mercury Vapours          Alch/Air       0%         N/A       75%         2
 Call Canine Familiar     Summ           0%         N/A       92%         3
 Dazzling Flash           Conj/Hex       0%         N/A       92%         3
 Fugue of the Fallen      Necr           0%         N/A       92%         3
 Inner Flame              Hex/Fire       0%         N/A       92%         3
 Mephitic Cloud           Conj/Alch/Air  0%         N/A       92%         3
 Passwall                 Erth           0%         N/A       92%         3
 Sigil of Binding         Hex            0%         N/A       92%         3
 Swiftness                Air            0%         N/A       92%         3
 Anguish                  Hex/Necr       0%         N/A       100%        4
 Dimensional Bullseye     Hex/Tloc       0%         N/A       100%        4
 Flame Wave               Conj/Fire      0%         2d4       100%        4
 Leda's Liquefaction      Alch/Erth      0%         N/A       100%        4
 Petrify                  Alch/Erth      0%         N/A       100%        4
 Sticky Flame             Fire/Alch      0%         2d4       100%        4
 Freezing Cloud           Conj/Ice/Air   0%         6-21      100%        5
 Metabolic Englaciation   Hex/Ice        0%         N/A       100%        5
 Summon Forest            Summ/Tloc      0%         N/A       100%        5
 Summon Mana Viper        Hex/Summ       0%         N/A       100%        5
 Starburst                Conj/Fire      0%         6d3       100%        6
 Summon Cactus Giant      Summ           0%         N/A       100%        6
 Fulsome Fusillade        Conj/Alch      0%         (3-5)d4   100%        8


Dungeon Overview and Level Annotations

Branches:
Dungeon (13/15)            Temple (1/1) D:4            Lair (0/5) D:9
    Orc (0/2) D:11
 Vaults: D:13-14

Altars:
Ashenzari
Cheibriados
Dithmenos
Fedhas
Gozag
Hepliaklqana
Kikubaaqudgha
Makhleb
Nemelex Xobeh
Okawaru
Qazlal
Ru
Sif Muna
Trog
Uskayaw
Vehumet
Wu Jian
Xom
Yredelemnul

Shops:
D:5 !

Annotations:
D:13 Lodul


Innate Abilities, Weirdness & Mutations

You have large cloven feet.
You are partially covered in yellow scales. (AC +2)
You regenerate health from kills.
You are completely covered in sharp spines.


Message History

You hit the smoke demon. You slash the spriggan defender zombie!
The spriggan defender zombie struggles to get unstuck from the web.
A chorus of shrieks assaults your mind.
* * * LOW HITPOINT WARNING * * *
You feel much better. The smoke demon gestures at you.
You block the pyre arrow.
The spriggan defender zombie struggles to get unstuck from the web.
A starcursed mass splits.
Unknown command.
You slash the starcursed mass!
You destroy the starcursed mass!
Qazlal accepts your kill.
You slash the spriggan defender zombie!
You hit the smoke demon but do no damage.
You hit the starcursed mass.
The starcursed mass shudders and withdraws towards its neighbour. x3
A chorus of shrieks assaults your mind.
* * * LOW HITPOINT WARNING * * *
The spriggan defender zombie struggles to get unstuck from the web.
The smoke demon misses you. The smoke demon barely misses you.
You block the smoke demon's attack.
The starcursed mass is engulfed in blazing flames.
The starcursed mass shudders and is absorbed by its neighbour.
A starcursed mass splits.
Your Axes skill increases to level 10!
Okay, then.
You feel better.
The spriggan defender zombie struggles to get unstuck from the web.
A chorus of shrieks assaults your mind.
* * * LOW HITPOINT WARNING * * *
You slash the starcursed mass!
You destroy the starcursed mass!
Qazlal accepts your kill.
You hit the smoke demon.
You catch the helpless spriggan defender zombie completely off-guard!
You slash the spriggan defender zombie! The smoke demon gestures at you.
Something smites you!
You die...

. .# ###.#.#
#
#####.#...#..
# ......#..#
#.....#....#
####.
.°○.....
.....§#.3X#
#.###.@#####
#. ##Z# . .X#
# ...X #.###
.. ... .#..


You could see 3 starcursed masses, a smoke demon and a spriggan defender zombie
(fast, strong, webbed, slow).

Vanquished Creatures
  Josephine (D:10)
  Fannar (D:10)
  A hydra (D:10)
  The ghost of ouz the Spear-Bearer, a journeyman FoFi of Cheibriados (D:12)
  A boulder beetle (D:12)
  3 two-headed ogres
  Nergalle (D:12)
  Pikel (D:8)
  5 ugly things
  A deep elf pyromancer (D:9)
  Maurice (D:9)
  A cyclops (D:13)
  Joseph (D:10)
  2 gargoyles
  2 large abominations (Abyss:2)
  Maggie (D:8)
  6 kobold demonologists
  2 komodo dragons (D:9)
  Psyche (D:11)
  6 trolls
  A hornet (D:9)
  Prince Ribbit (D:5)
  3 slime creatures (D:13)
  5 wraiths
  2 shadows
  3 wyverns (D:8)
  A vampire (D:12)
  15 yaks
  A basilisk (D:12)
  4 neqoxecs (D:12)
  Duvessa (D:6)
  A water moccasin (D:6)
  6 orc warriors
  2 sky beasts
  A black bear (D:5)
  8 centaurs
  7 ogres
  A lemure (D:8)
  3 phantoms (D:4)
  15 kobold brigands
  7 scorpions
  A gnoll sergeant (D:8)
  8 bullfrogs
  5 wights (D:7)
  Dowan (D:6)
  6 killer bees (D:7)
  7 electric eels
  3 howler monkeys
  3 quasits (D:12)
  6 hounds
  5 starcursed masses (Abyss:2)
  A jelly (D:6)
  4 orc priests
  A sleepcap (D:6)
  5 iguanas
  12 orc wizards
  A statue (D:3)
  2 human simulacra (D:7)
  5 gnolls (D:8)
  5 adders
  A shadow imp (D:7)
  A white imp (D:6)
  2 ufetubi (D:7)
  5 dart slugs
  53 orcs
  5 endoplasms
  A giant cockroach (D:1)
  5 goblins
  4 hobgoblins
  4 jackals (D:1)
  3 quokkas
  10 ball pythons
  2 bats
  A frilled lizard (D:2)
  25 kobolds
  5 rats
335 creatures vanquished.

Vanquished Creatures (collateral kills)
  A gargoyle (D:11)
  A hornet (D:4)
  A wraith (D:11)
3 creatures vanquished.

Vanquished Creatures (others)
  An apocalypse crab (Abyss:2)
1 creature vanquished.

Grand Total: 339 creatures vanquished

Notes
Turn   | Place    | Note
-------+----------+-------------------------------------------
     0 | D:1      | Revguard the Demonspawn Fighter began the quest for the
                  | Orb.
     0 | D:1      | Reached XP level 1. HP: 18/18 MP: 1/1
   266 | D:1      | Gained mutation: You regenerate a little health from kills.
                  | [demonic ancestry]
   266 | D:1      | Reached XP level 2. HP: 24/24 MP: 2/2
   533 | D:2      | Reached skill level 1 in Invocations
   556 | D:2      | Reached XP level 3. HP: 29/29 MP: 3/3
  1056 | D:3      | Gained mutation: You are partially covered in yellow
                  | scales. (AC +2) [demonic ancestry]
  1056 | D:3      | Reached XP level 4. HP: 13/35 MP: 5/5
  1091 | D:3      | Reached skill level 1 in Evocations
  1210 | D:3      | Reached skill level 1 in Dodging
  1287 | D:3      | Found a hazy altar of Hepliaklqana.
  1289 | D:3      | Found a basalt altar of Yredelemnul.
  1298 | D:3      | Found a shimmering altar of Xom.
  1357 | D:3      | Found a radiant altar of Vehumet.
  1357 | D:3      | Noticed a frost-covered statue
  1368 | D:3      | Identified the +6 dagger of the Asp {flame, *Noise Fly
                  | rPois Dex+3}
  1668 | D:3      | Killed a frost-covered statue
  1669 | D:3      | Reached XP level 5. HP: 32/41 MP: 4/6
  1777 | D:4      | Noticed a phantom
  1811 | D:4      | Killed a phantom
  2441 | D:4      | Gained mutation: You are partially covered in sharp spines.
                  | [demonic ancestry]
  2441 | D:4      | Reached XP level 6. HP: 47/47 MP: 7/7
  2552 | D:4      | Found a staircase to the Ecumenical Temple.
  2568 | Temple   | Entered the Ecumenical Temple
  2595 | Temple   | Became a worshipper of Qazlal Stormbringer
  2625 | D:4      | Noticed a hornet
  2632 | D:4      | Killed a hornet
  2633 | D:4      | Gained mutation: You are mostly covered in sharp spines.
                  | [demonic ancestry]
  2633 | D:4      | Reached XP level 7. HP: 28/53 MP: 5/9
  2783 | D:5      | Entered Level 5 of the Dungeon
  2952 | D:5      | Gained mutation: You are completely covered in sharp
                  | spines. [demonic ancestry]
  2952 | D:5      | Reached XP level 8. HP: 60/61 MP: 10/10
  2978 | D:5      | Found Logagill's Distillery.
  2995 | D:5      | Bought a potion of curing for 33 gold pieces
  2995 | D:5      | Bought a potion of mutation for 88 gold pieces
  2995 | D:5      | Bought a potion of heal wounds for 55 gold pieces
  3051 | D:5      | Noticed Prince Ribbit
  3062 | D:5      | Killed Prince Ribbit
  3063 | D:5      | Reached skill level 5 in Shields
  3376 | D:6      | Noticed Duvessa
  3376 | D:6      | Noticed Dowan
  3383 | D:6      | Killed Dowan
  3393 | D:6      | Killed Duvessa
  3394 | D:6      | Reached skill level 5 in Axes
  3403 | D:6      | Reached * piety under Qazlal
  3467 | D:6      | Reached skill level 5 in Fighting
  3566 | D:6      | Gained mutation: You have large cloven feet. [demonic
                  | ancestry]
  3566 | D:6      | Reached XP level 9. HP: 66/68 MP: 12/12
  3570 | D:6      | Reached skill level 5 in Invocations
  3763 | D:6      | Found an ornate altar of the Wu Jian Council.
  3844 | D:6      | Found a bloodstained altar of Trog.
  3848 | D:6      | Found a shimmering blue altar of Sif Muna.
  4076 | D:7      | Reached ** piety under Qazlal
  4111 | D:7      | Noticed a brown ugly thing
  4127 | D:7      | Killed a brown ugly thing
  4128 | D:7      | Reached skill level 5 in Armour
  4264 | D:7      | Identified a scroll of acquirement
  4272 | D:7      | Acquired 510 gold pieces
  4474 | D:7      | Found a shadowy altar of Dithmenos.
  4644 | D:8      | Gained mutation: You regenerate health from kills. [demonic
                  | ancestry]
  4644 | D:8      | Reached XP level 10. HP: 65/76 MP: 11/14
  4757 | D:8      | Noticed Pikel
  4761 | D:8      | Killed Pikel
  5046 | D:8      | Noticed a two-headed ogre
  5051 | D:8      | Killed a two-headed ogre
  5317 | D:8      | Reached *** piety under Qazlal
  5490 | D:8      | Noticed Maggie
  5500 | D:8      | Killed Maggie
  5501 | D:8      | Reached skill level 5 in Evocations
  5540 | D:8      | Found an iron altar of Okawaru.
  5693 | D:9      | Noticed a sun demon
  5710 | D:9      | Reached **** piety under Qazlal
  5767 | D:9      | Reached skill level 5 in Dodging
  5767 | D:9      | Reached XP level 11. HP: 83/83 MP: 16/16
  5864 | D:9      | Noticed a deep elf pyromancer
  5870 | D:9      | Killed a deep elf pyromancer
  6068 | D:9      | Found a staircase to the Lair.
  6219 | D:9      | Found a burning altar of Makhleb.
  6325 | D:9      | Found an opulent altar of Gozag.
  6325 | D:9      | Found a sparkling altar of Nemelex Xobeh.
  6461 | D:9      | Noticed Maurice
  6472 | D:9      | Something stole a phantom mirror
  6472 | D:9      | Killed Maurice
  6531 | D:10     | Entered Level 10 of the Dungeon
  6817 | D:10     | Noticed Josephine
  6841 | D:10     | Killed Josephine
  6891 | D:10     | Noticed Fannar
  6910 | D:10     | Noticed a six-headed hydra
  6917 | D:10     | Killed an eight-headed hydra
  6920 | D:10     | Killed Fannar
  7136 | D:10     | Noticed Joseph
  7149 | D:10     | Killed Joseph
  7260 | D:10     | Found an ancient bone altar of Kikubaaqudgha.
  7545 | D:11     | Reached XP level 12. HP: 91/91 MP: 18/18
  7589 | D:11     | Found a staircase to the Orcish Mines.
  7795 | D:11     | Noticed Psyche
  7801 | D:11     | Killed Psyche
  8197 | D:12     | Noticed a two-headed ogre
  8202 | D:12     | Killed a two-headed ogre
  8216 | D:12     | Reached ***** piety under Qazlal
  8412 | D:12     | Noticed a boulder beetle
  8459 | D:12     | Noticed ouz's ghost (journeyman FoFi)
  8468 | D:12     | Killed a boulder beetle
  8681 | D:12     | Noticed Nergalle
  8692 | D:12     | Killed Nergalle
  9117 | D:12     | Found a transporter.
  9207 | D:12     | Noticed a two-headed ogre
  9216 | D:12     | Killed a two-headed ogre
  9333 | D:12     | Killed ouz's ghost
  9334 | D:12     | Reached skill level 10 in Shields
  9335 | D:12     | Found a transporter.
  9599 | D:13     | Noticed Lodul
  9610 | Abyss:2  | Cast into level 2 of the Abyss (Lodul)
  9683 | Abyss:2  | Noticed a starcursed mass
  9692 | Abyss:2  | Reached XP level 13. HP: 35/99 MP: 5/20
  9695 | Abyss:2  | Paralysed by accursed screaming for 1 turns
  9706 | Abyss:2  | Noticed a starcursed mass
  9711 | Abyss:2  | Reached skill level 10 in Axes
  9712 | Abyss:2  | Killed from afar by a smoke demon

Illustrated notes

Levels and vault maps discovered:
D:1:      noname_arrival_rooms_in_the_neighbourhood, layout_rooms
D:2:      layout_rooms, basic_altar, grunt_ministairs_12
D:3:      layout_loops_ring, vehumet_statue, minmay_overflow_temple_star_quad
D:4:      layout_loops_ring, lemuel_tele_altar,
          minmay_temple_entry_glassed_door, minmay_checkerbox
D:5:      layout_rooms, serial_shops, nicolae_shop_industrial_runoff,
          uniq_prince_ribbit1
D:6:      layout_rooms, hellmonk_overflow_destroyed_library,
          nzn_wu_jian_contemplation, uniq_duvessa
D:7:      layout_cave_pools, grunt_dithmenos_smoke_and_mirrors, zin_academy,
          bh_circular_ruins
D:8:      layout_basic, kennysheep_okawaru_gauntlet, serial_bayou,
          serial_bayou_ford_a, serial_bayou_pond_a, serial_bayou_pond_a,
          serial_bayou_pond_d, kennysheep_dice, uniq_maggie, uniq_pikel
D:9:      layout_roguey [special_room_kobold], grunt_temple_overflow_opulence,
          lightli_temple_of_fire, grunt_lair_entry_orc_guard_hut, uniq_maurice
D:10:     layout_cross, nicolae_kikubaaqudgha_miasma_corner, serial_bayou,
          serial_bayou_lagoon_a, serial_bayou_lake_a, serial_bayou_shore_b,
          serial_bayou_pond_b, serial_bayou_pond_d, uniq_joseph, uniq_fannar,
          uniq_josephine
D:11:     layout_gridville, orc_0_dummy, uniq_psyche
D:12:     layout_loops_cross, gammafunk_ghost_stat_death, uniq_nergalle
D:13:     layout_loops_ring, serial_library,
          serial_library_regret_index_split_case,
          serial_library_hellmonk_small_corner, serial_library_hellmonk_h_bend,
          serial_library_regret_index_branch_corner,
          serial_library_regret_index_small_wings,
          serial_library_hellmonk_hallway_a,
          serial_library_hellmonk_reading_circle,
          serial_library_regret_index_headful,
          serial_library_hellmonk_filled_rooms, uniq_lodul
Temple:   hellmonk_temple_of_storms
Abyss:2:  base:
D:9

Skill      XL: |  1  2  3  4  5  6  7  8  9 10 11 12 13 |
---------------+----------------------------------------+-----
Axes           | 2 3 4 5 6 7 8 9 10 | 10.0
Invocations    | 1 2 3 4 6 7 8 9 |  9.7
Shields        | 3 4 5 6 7 9 10 | 10.2
Evocations     | 1 2 3 4 5 6 7 |  7.3
Armour         | 3 4 5 6 7 |  7.4
Dodging        | 1 2 3 4 5 6 |  6.7
Fighting       | 4 5 6 7 8 |  8.4

Action                     |  1- 3 |  4- 6 |  7- 9 | 10-12 | 13-15 || total
---------------------------+-------+-------+-------+-------+-------++-------
  Melee: War axe           |    95 |   128 |   131 |       |       ||   354
         Broad axe         |       |       |    15 |   475 |    16 ||   506
 Invoke: Upheaval          |       |       |       |     1 |       ||     1
         Disaster Area     |       |       |       |     1 |       ||     1
  Evoke: Phantom mirror    |       |     1 |       |     1 |       ||     2
         Wand              |       |       |     2 |    14 |       ||    16
    Use: Potion            |       |     2 |     1 |     2 |     5 ||    10
         Scroll            |       |       |    10 |    11 |       ||    21
   Stab: Invisible         |       |       |     1 |     3 |       ||     4
         Held in net/web   |       |       |       |       |     3 ||     3
 Armour: Scale mail        |   113 |   133 |   111 |       |       ||   357
         Plate armour      |       |       |    23 |    50 |       ||    73
         Swamp dragon scal |       |       |       |   252 |     8 ||   260
  Dodge: Dodged            |    39 |    53 |    79 |   246 |     8 ||   425
         Repelled          |       |       |       |    21 |     1 ||    22
  Block: Buckler           |    32 |    26 |    82 |   352 |    14 ||   506

Table legend: (Time is in decaauts)
 A = Elapsed time spent in this place.
 B = Non-inter-level travel time spent in this place.
 C = Inter-level travel time spent in this place.
 D = Time resting spent in this place.
 E = Time spent auto-exploring this place.
 F = Levels seen in this place.
 G = Mean time per level.
                   A        B        C        D        E       F      G
               +--------+--------+--------+--------+--------+-----+--------+
         Total |  10006 |   9629 |    377 |    258 |   7059 |  15 |  667.1 |
       Dungeon |   9860 |   9501 |    359 |    258 |   7001 |  13 |  758.5 |
        Temple |     45 |     27 |     18 |      0 |      0 |   1 |   45.0 |
         Abyss |    100 |    100 |      0 |      0 |     58 |   1 |  100.0 |
               +--------+--------+--------+--------+--------+-----+--------+

Top non-repeatable levels by time:
    D:12: 1200 daAuts
     D:8: 1177 daAuts
     D:4: 990 daAuts
     D:9: 920 daAuts
    D:10: 897 daAuts
    D:11: 825 daAuts
     D:3: 813 daAuts
     D:5: 605 daAuts
     D:6: 591 daAuts
     D:7: 573 daAuts
     D:1: 542 daAuts
     D:2: 487 daAuts
    D:13: 235 daAuts
 Abyss:2: 100 daAuts
  Temple: 45 daAuts
